 Dungeon Crawl Stone Soup version 0.25-a0-1130-g3926558f3a (webtiles) character file.

Game seed: 5108508509941863753, levelgen mode: deterministic

425 Lugonue the Cleaver (level 6, -1/47 HPs)
             Began as a Hill Orc Artificer on May 19, 2020.
             Was a Follower of Okawaru.
             Slain by a gnoll
             ... wielding a +0 spear
              (4 damage)
             ... on level 5 of the Dungeon.
             The game lasted 00:06:46 (5248 turns).

Lugonue the Cleaver (Hill Orc Artificer)            Turns: 5248, Time: 00:06:46

Health: -1/47      AC:  5    Str: 17    XL:     6   Next: 96%
Magic:  17/17      EV: 11    Int: 11    God:    Okawaru [*.....]
Gold:   273        SH:  0    Dex: 11    Spells: 5/5 levels left

rFire    . . .     SeeInvis .   b - +0 war axe
rCold    . . .     Gourm    .   (no shield)
rNeg     . . .     Faith    .   p - +0 ring mail
rPois    .         Spirit   .   (no helmet)
rElec    .         Reflect  .   (no cloak)
rCorr    .         Harm     .   (no gloves)
MR       +....                  (no boots)
Stlth    +.........             (no amulet)
HPRegen  0.15/turn              s - ring of magical power
MPRegen  0.15/turn              k - ring of protection from magic

@: hasted, very quick
A: no striking features
a: Heroism, Renounce Religion


You were on level 5 of the Dungeon.
You worshipped Okawaru.
Okawaru was aware of your devotion.
You were not hungry.

You visited 2 branches of the dungeon, and saw 6 of its levels.

You collected 273 gold pieces.

Inventory:

Hand Weapons
 b - a +0 war axe (weapon)
Missiles
 a - 5 poisoned darts (quivered)
Armour
 p - a +0 ring mail (worn)
Jewellery
 k - a ring of protection from magic (right hand)
 s - a ring of magical power (left hand)
Wands
 d - a wand of enslavement (15)
 e - a wand of random effects (15)
 h - a wand of polymorph (11)
Scrolls
 g - a scroll of amnesia
 r - a scroll of teleportation
Potions
 i - a potion of magic
 j - a potion of flight
 n - 2 potions of curing
 q - a potion of might {unknown}
Comestibles
 f - 2 rations


   Skills:
 - Level 1.3 Fighting
   Level 1.0 Short Blades
 + Level 8.2 Axes
 - Level 0.5 Throwing
 - Level 0.4 Armour
 - Level 1.7 Dodging
 - Level 0.8 Stealth
 - Level 3.5 Evocations


You had 5 spell levels left.
You didn't know any spells.
Your spell library was empty.

Dungeon Overview and Level Annotations

Branches:
Dungeon (5/15)             Temple (1/1) D:4

Altars:
Hepliaklqana
Okawaru
Trog
Vehumet
Yredelemnul


Message History

Unknown command.
You slash the gnoll!
You kill the gnoll!
Okawaru accepts your kill.
You can now gain great but temporary skills.
The gnoll hits you but does no damage.
Unknown command.
The gnoll hits you with a +0 spear.
* * * LOW HITPOINT WARNING * * *
You barely miss the gnoll. You barely miss the gnoll.
The gnoll closely misses you.
Unknown command.
You barely miss the gnoll. The gnoll hits you with a +0 spear.
* * * LOW HITPOINT WARNING * * *
You closely miss the gnoll. You completely miss the gnoll.
The gnoll barely misses you.
You barely miss the gnoll. The gnoll hits you with a +0 spear.
* * * LOW HITPOINT WARNING * * *
The gnoll hits you from afar with a +0 spear.
You die...

#........# ..
#........# ...
#.......$#
..####.......(#
#....?.......#
#............#
+.....)......#
###....)..g....# ..
........@......#...
........########.#
###.....<......).#
...#.##..........#
## #.##..........#
# #...........#
#...........#
#...........#
#.##+#+######


You could see a gnoll.

Vanquished Creatures
  An ogre (D:4)
  A phantom (D:4)
  A jelly (D:4)
  2 worker ants (D:4)
  2 iguanas (D:4)
  3 gnolls (D:5)
  An adder (D:3)
  7 oozes
  A dart slug (D:4)
  An orc (D:4)
  3 ball pythons
  2 giant cockroaches
  5 goblins
  7 hobgoblins
  5 jackals (D:1)
  2 quokkas
  7 bats
  A frilled lizard (D:1)
  9 kobolds
  5 rats
66 creatures vanquished.

Vanquished Creatures (others)
  10 toadstools (D:4)
10 creatures vanquished.

Grand Total: 76 creatures vanquished

Notes
Turn   | Place    | Note
-------+----------+-------------------------------------------
     0 | D:1      | Lugonue the Hill Orc Artificer began the quest for the Orb.
     0 | D:1      | Reached XP level 1. HP: 16/16 MP: 3/3
   369 | D:1      | Reached XP level 2. HP: 23/23 MP: 4/4
  1130 | D:1      | Reached XP level 3. HP: 28/28 MP: 5/5
  1172 | D:1      | Reached skill level 1 in Axes
  1889 | D:2      | Reached skill level 2 in Axes
  2173 | D:2      | Noticed an ice beast
  2536 | D:2      | You fall into a shaft and drop 2 floors!
  2553 | D:4      | Reached skill level 3 in Axes
  2553 | D:4      | Reached XP level 4. HP: 35/35 MP: 6/6
  2614 | D:4      | Reached skill level 4 in Axes
  2947 | D:4      | Noticed an ogre
  2979 | D:3      | Reached XP level 5. HP: 33/40 MP: 7/7
  3096 | D:3      | Reached skill level 5 in Axes
  3594 | D:4      | Reached skill level 6 in Axes
  4038 | D:4      | Found a staircase to the Ecumenical Temple.
  4065 | Temple   | Entered the Ecumenical Temple
  4070 | Temple   | Became a worshipper of Warmaster Okawaru
  4405 | D:4      | Noticed an ogre
  4426 | D:4      | Killed an ogre
  4426 | D:4      | Reached skill level 7 in Axes
  4426 | D:4      | Reached XP level 6. HP: 24/47 MP: 8/8
  4680 | D:4      | Noticed a phantom
  4733 | D:4      | Killed a phantom
  4733 | D:4      | Reached skill level 8 in Axes
  5214 | D:5      | Entered Level 5 of the Dungeon
  5240 | D:5      | Reached * piety under Okawaru
  5248 | D:5      | Slain by a gnoll

Illustrated notes

Levels and vault maps discovered:
D:1:      dpeg_arrival_arbitrary_b, layout_basic, hex_large, dk_noncrumbling_3,
          minmay_misc_feat_encased
D:2:      layout_loops_ring
D:3:      layout_basic, first_ration
D:4:      cheibrodos_fertilizer, layout_basic, temple_statues,
          corexii_item_surrounded_by_moat, kennysheep_opposing_triangles
D:5:      layout_basic, serial_shops, shop
Temple:   regret_index_temple_chain_breaker

Skill      XL: |  1  2  3  4  5  6 |
---------------+-------------------+-----
Axes           | 3 4 7 8 |  8.2
Fighting       | |  1.3
Short Blades   | |  1.0
Throwing       | |  0.5
Armour         | |  0.4
Dodging        | |  1.7
Stealth        | |  0.8
Evocations     | |  3.5

Action                   |  1- 3 |  4- 6 || total
-------------------------+-------+-------++-------
Melee: Short sword       |   107 |       ||   107
       Hand axe          |    58 |    51 ||   109
       War axe           |       |    55 ||    55
Throw: Dart              |    19 |     8 ||    27
Evoke: Wand              |       |    15 ||    15
  Use: Scroll            |       |    11 ||    11
       Potion            |       |     3 ||     3
 Stab: Sleeping          |     1 |       ||     1
  Eat: Chunk             |     2 |     5 ||     7
       Ration            |     1 |     1 ||     2
Armor: Leather armour    |    41 |       ||    41
       Ring mail         |    10 |    27 ||    37
Dodge: Dodged            |   111 |    70 ||   181

Table legend:
 A = Non-vault XP
 B = Vault XP
 C = Vault XP percentage of total XP
 D = Non-vault monster count
 E = Vault monster count
 F = Vault count percentage of total count
                 A         B        C        D         E       F
            +---------+---------+-------+---------+---------+-------
      Total |     474 |     134 |  22.0 |      50 |      16 |  24.2
            +---------+---------+-------+---------+---------+-------
        D:1 |      43 |       0 |   0.0 |      25 |       0 |   0.0
        D:2 |      15 |       0 |   0.0 |       5 |       0 |   0.0
        D:3 |      25 |       0 |   0.0 |      10 |       0 |   0.0
        D:4 |     347 |     134 |  27.9 |       7 |      16 |  69.6
        D:5 |      44 |       0 |   0.0 |       3 |       0 |   0.0
            +---------+---------+-------+---------+---------+-------
